 Dungeon Crawl Stone Soup version 0.30.1-9-gdf580d7c3d (webtiles) character file.

Game seed: 13140209156345595268

4 lonewolfV2 the Trooper (level 1, 0/18 HPs)
             Began as a Demonspawn Fighter on Oct 23, 2023.
             Slain by a ball python (2 damage)
             ... on level 1 of the Dungeon.
             The game lasted 00:00:39 (88 turns).

lonewolfV2 the Trooper (Demonspawn Fighter)           Turns: 88, Time: 00:00:40

Health: 0/18       AC:  6    Str: 16    XL:     1   Next: 58%
Magic:  1/1        EV:  8    Int:  9    God:
Gold:   13         SH:  4    Dex: 12    Spells: 0/0 levels left

rFire   . . .        a - +0 war axe
rCold   . . .        c - +0 buckler
rNeg    . . .        b - +0 scale mail
rPois   .            (no helmet)
rElec   .            (no cloak)
rCorr   .            (no gloves)
SInv    .            (no boots)
Will    .....        (no amulet) Stlth
                     (no ring)
HPRegen 0.23/turn    (no ring)
MPRegen 0.07/turn

%: no passive effects
@: no status effects
A: no striking features
a: no special abilities


You were on level 1 of the Dungeon.
You visited 1 branch of the dungeon, and saw 1 of its levels.

You collected 13 gold pieces.

Inventory:

Hand Weapons
 a - a +0 war axe (weapon)
Armour
 b - a +0 scale mail (worn)
 c - a +0 buckler (worn)
Scrolls
 e - a scroll of magic mapping {unknown}
 f - a scroll of enchant weapon {unknown}
 g - a scroll of identify {unknown}
Potions
 d - a potion of might
 h - a potion of ambrosia {unknown}


   Skills:
 - Level 3.0 Fighting
 + Level 2.2 Axes
 - Level 2.6 Armour
 - Level 2.6 Shields


You couldn't memorise any spells.
You didn't know any spells.
Your spell library contained the following spells:

 Spells                   Type           Power      Damage    Failure   Level
 Gell's Gravitas          Tloc           0%         N/A       99%         3
 Teleport Other           Tloc           0%         N/A       99%         3
 Dispersal                Tloc           0%         N/A       100%        6


Dungeon Overview and Level Annotations

Branches:
Dungeon (1/15)

Altars:

Shops:
D:1 ?*


Message History

A quokka comes into view. x2
The quokka bites you but does no damage.
The goblin hits you with a +0 club.
A kobold comes into view. It is wielding a +0 club.
You barely miss the quokka.
The kobold shouts!
You hit the goblin but do no damage.
The quokka twitches its whiskers.
You block the quokka's attack. The goblin completely misses you.
The goblin closely misses you.
You barely miss the quokka. You miss the quokka. You hit the goblin.
The quokka barely misses you. The quokka bites you.
The goblin hits you with a +0 club. The quokka barely misses you.
The quokka bites you but does no damage.
Unknown command.
You barely miss the quokka. You closely miss the quokka.
You barely miss the quokka. You closely miss the goblin.
The quokka barely misses you.
The quokka bites you but does no damage.
The goblin barely misses you. The quokka barely misses you.
You hit the quokka.
The quokka is heavily wounded.
You closely miss the quokka. x2; You miss the goblin.
The quokka barely misses you. The quokka bites you.
You block the quokka's attack. The goblin hits you but does no damage.
The quokka bites you.
* * * LOW HITPOINT WARNING * * *
The quokka closely misses you. The quokka bites you.
* * * LOW HITPOINT WARNING * * *
The goblin barely misses you.
You slash the quokka!
You kill the quokka!
You slash the goblin!
You kill the goblin!
You barely miss the quokka. You closely miss the quokka.
The quokka bites you but does no damage.
The quokka bites you.
* * * LOW HITPOINT WARNING * * *
The ball python bites you.
You die...

#. ##........#..#
.. ####......##
.#...
...........##.....
####..........[..?
#..............
#.......####...
#......†....)..
###...∩.r.####...
.......@rK.......
#######SS......[.
#..........
....>......
##........8.
#.........∩
##.......8.
.......


You could see 2 quokkas, 2 ball pythons and a kobold.

Vanquished Creatures
  3 goblins (D:1)
  2 quokkas (D:1)
  A ball python (D:1)
6 creatures vanquished.

Notes
Turn   | Place    | Note
-------+----------+-------------------------------------------
     0 | D:1      | lonewolfV2 the Demonspawn Fighter began the quest for the
                  | Orb.
     0 | D:1      | Reached XP level 1. HP: 18/18 MP: 1/1
    60 | D:1      | Found Asmarull's Magic Scroll Shop.
    80 | D:1      | Found Ukuth's General Store.
    88 | D:1      | Slain by a ball python

Illustrated notes

Levels and vault maps discovered:
D:1:      dpeg_arrival_rooms_a, layout_rooms, serial_shops, shop, shop,
          nicolae_diamond_shop, nicolae_shop_tiny_statue_garden,
          nicolae_diamond_shop, nrook_mini_backslash

Skill      XL: |  1 |
---------------+----+-----
Axes           | 2 |  2.2
Fighting       | |  3.0
Armour         | |  2.6
Shields        | |  2.6

Action                     || total
---------------------------++-------
  Melee: War axe           ||    11
 Armour: Scale mail        ||     9
  Dodge: Dodged            ||    14
  Block: Buckler           ||     3
